Map: Berlingrad LE

Players

AGOElazer (Elazer)

  • Race: Zerg Zerg
  • League: Master

ShoWTimE - Winner!

  • Race: Protoss Protoss
  • League: Grandmaster

Event: DreamHack SC2 Masters Last Chance 2022

VOD

Have the link to the VOD?

Description

Time

  • Played on: Dec. 19, 2021, 9:55 p.m.
  • Length: 11:53

All games in this series

Show
View Real Time Build Order
Export as new Build Order

AGOElazer Zerg 

Build Orders: Hatch First 

Get SALT Encoding   

  12  0:00  Drone  
  13  0:12  Overlord  
  13  0:16  Drone  
  14  0:30  Drone x2  
  16  0:47  Hatchery  
  15  0:51  Drone  
  15  0:54  Drone  
  17  0:58  Drone  
  18  1:08  Extractor  
  17  1:12  Spawning Pool  
  17  1:17  Drone  
  17  1:21  Drone  
  18  1:34  Drone  
  19  1:43  Drone  
  20  1:49  Hatchery  
  19  1:57  Drone  
  20  2:01  Queen  
  20  2:06  Drone  
  23  2:09  Drone  
  23  2:12  Drone  
  25  2:17  Overlord  
  25  2:25  Queen  
  25  2:28  Drone  
  28  2:35  Zergling x4  
  30  2:40  Queen  
  30  2:43  Drone  
  33  2:44  Drone  
  33  2:48  Drone  
  35  2:54  Zergling x2  
  36  3:00  Queen, Overlord  
  38  3:08  Spore Crawler  
  38  3:11  Spore Crawler  
  37  3:15  Drone x6  
  40  3:22  Drone  
  40  3:26  Drone x2  
  43  3:30  Spore Crawler  
  43  3:34  Drone x2  
  44  3:40  Drone x4  
  48  3:45  Queen  
  50  3:50  Metabolic Boost  
  50  3:56  Overlord  
  50  3:58  Evolution Chamber  
  50  4:01  Zergling x2  
  49  4:06  Drone x3  
  49  4:09  Drone x2  
  49  4:12  Drone x3  
  49  4:16  Drone x3  
  51  4:20  Drone x2  
  51  4:24  Drone x2  
  55  4:29  Drone x2  
  55  4:30  Drone  
  58  4:34  Overlord  
  58  4:44  Overlord  
  58  4:46  Overlord  
  58  4:50  Spore Crawler  
  58  4:52  Queen, Spore Crawler  
  58  4:53  Drone x6  
  58  4:59  Overlord  
  64  5:02  Drone x2  
  64  5:04  Drone x4  
  70  5:10  Drone x2  
  70  5:12  Drone x3  
  75  5:21  Extractor  
  75  5:22  Roach Warren  
  75  5:24  Extractor x2  
  75  5:25  Extractor  
  75  5:26  Drone x3  
  75  5:27  Drone  
  74  5:29  Drone  
  74  5:30  Drone  
  74  5:33  Drone x2, Hatchery  
  77  5:36  Lair  
  77  5:39  Overlord  
  77  5:43  Drone x5  
  77  5:46  Overlord  
  77  5:47  Extractor  
  81  5:51  Drone x3  
  81  5:52  Evolution Chamber  
  81  5:56  Overlord  
  81  5:57  Drone x3  
  86  6:03  Zergling x2  
  87  6:06  Overlord  
  87  6:11  Zergling x2  
  87  6:12  Zergling x6, Baneling Nest  
  87  6:13  Queen  
  87  6:14  Queen  
  87  6:17  Drone x4  
  98  6:23  Roach x4  
  106  6:29  Overlord  
  110  6:40  Roach x2  
  110  6:43  Zergling x16  
  109  6:47  Ravager x2  
  109  6:48  Ravager x2  
  109  6:49  Zergling x10  
  118  6:55  Zerg Missile Weapons Level 1  
  118  6:57  Roach x3  
  123  7:05  Roach x2  
  123  7:06  Roach, Centrifugal Hooks  
  129  7:13  Overlord x3  
  129  7:21  Roach x3  
  129  7:22  Overlord  
  135  7:31  Overlord x2  
  135  7:33  Zergling x14  
  135  7:34  Ravager x2  
  135  7:35  Ravager x6  
  150  7:47  Ravager x3  
  150  7:48  Zergling x28  
  167  7:51  Baneling  
  167  7:52  Baneling x7  
  167  7:54  Zergling x2  
  165  8:01  Zergling x6  
  163  8:05  Baneling x7  
  163  8:06  Baneling x2  
  161  8:13  Zergling x20  
  161  8:16  Baneling x7  
  171  8:23  Baneling x5  
  171  8:28  Zergling x2  
  171  8:29  Zergling x10  
  123  8:48  Roach x11  
  123  8:49  Roach x5  
  123  8:52  Queen x3  
  128  9:04  Roach x7  
  128  9:05  Roach  
  138  9:13  Zergling x24  
  146  9:19  Extractor  
  146  9:21  Extractor  
  144  9:25  Drone x4  
  144  9:27  Spire  
  147  9:33  Drone x5  
  152  9:38  Drone x2  
  152  9:42  Overlord  
  154  9:50  Overlord  
  154  9:51  Drone x8  
  149  10:14  Drone x9  
  158  10:35  Hatchery  
  157  10:40  Mutalisk x12  
  181  10:48  Mutalisk x2  
  184  10:54  Roach x5  
  189  11:09  Roach x3  
  189  11:10  Roach x5  
  170  11:21  Zergling x26  
  162  11:26  Ravager x3  
  162  11:27  Ravager x2  
  162  11:28  Zergling x4  
  171  11:34  Zergling x6  
  171  11:35  Zergling x4  
Show
View Real Time Build Order
Export as new Build Order

ShoWTimE Protoss - Winner!

Build Orders: 1 Gate Expand, Oracle Opening, Zealot Archon 

Get SALT Encoding   

  12  0:00  Probe  
  13  0:12  Probe  
  14  0:17  Pylon  
  14  0:24  Probe (Chrono Boost)  
  15  0:36  Probe (Chrono Boost)  
  15  0:37  Gateway  
  16  0:45  Probe (Chrono Boost)  
  16  0:46  Assimilator  
  17  0:50  Probe  
  18  1:03  Probe  
  19  1:15  Probe  
  20  1:23  Nexus  
  20  1:33  Cybernetics Core  
  20  1:35  Probe  
  21  1:40  Assimilator  
  21  1:47  Probe  
  21  1:49  Pylon  
  22  1:59  Probe  
  23  2:06  Adept (Chrono Boost)  
  23  2:11  Probe  
  26  2:18  Stargate  
  26  2:23  Probe (Chrono Boost)  
  26  2:27  Adept (Chrono Boost)  
  29  2:33  Warp Gate  
  29  2:35  Probe (Chrono Boost)  
  31  2:41  Probe (Chrono Boost)  
  32  2:44  Probe (Chrono Boost)  
  32  2:48  Probe (Chrono Boost)  
  32  2:49  Adept, Probe (Chrono Boost)  
  36  3:00  Probe  
  36  3:01  Probe  
  36  3:04  Oracle (Chrono Boost)  
  41  3:12  Probe  
  42  3:13  Probe  
  43  3:21  Pylon  
  43  3:22  Adept  
  43  3:24  Probe  
  43  3:25  Probe  
  45  3:31  Gateway  
  45  3:36  Probe, Oracle (Chrono Boost)  
  49  3:41  Pylon  
  49  3:42  Probe  
  49  3:48  Probe  
  51  3:54  Probe  
  52  4:00  Probe  
  53  4:06  Probe  
  54  4:10  Oracle (Chrono Boost)  
  54  4:12  Probe  
  53  4:19  Assimilator  
  53  4:21  Nexus  
  51  4:24  Assimilator  
  51  4:27  Robotics Facility  
  51  4:28  Probe  
  51  4:29  Probe  
  53  4:32  Adept x2  
  53  4:35  Forge  
  53  4:36  Gateway  
  57  4:40  Probe  
  57  4:41  Probe  
  59  4:48  Gateway  
  59  4:51  Pylon  
  60  4:52  Probe  
  60  4:53  Probe  
  61  5:00  Pylon  
  61  5:05  Probe  
  62  5:09  Probe  
  62  5:10  Protoss Ground Weapons Level 1, Sentry  
  62  5:11  Sentry  
  67  5:16  Immortal (Chrono Boost)  
  67  5:17  Probe (Chrono Boost)  
  72  5:21  Probe (Chrono Boost)  
  73  5:29  Twilight Council  
  73  5:34  Probe (Chrono Boost), Shield Battery  
  73  5:35  Probe (Chrono Boost)  
  76  5:37  Probe (Chrono Boost)  
  76  5:40  Pylon  
  76  5:42  Probe (Chrono Boost)  
  78  5:45  Probe (Chrono Boost)  
  78  5:47  Probe (Chrono Boost)  
  78  5:48  Immortal  
  84  5:51  Probe x2 (Chrono Boost)  
  84  5:52  Robotics Bay  
  84  5:53  Probe (Chrono Boost)  
  84  5:56  Assimilator  
  86  5:59  Probe  
  86  6:00  Zealot x2, Probe  
  86  6:01  Charge (Chrono Boost)  
  86  6:02  Assimilator  
  92  6:04  Zealot x2  
  92  6:11  Photon Cannon  
  96  6:12  Probe  
  96  6:13  Probe  
  96  6:14  Probe  
  99  6:24  Templar Archives  
  99  6:27  Warp Prism (Chrono Boost), Pylon  
  101  6:38  Probe x2  
  101  6:43  Probe, Pylon  
  100  6:48  Zealot x4  
  100  6:52  Probe  
  104  6:56  Probe  
  104  6:59  Disruptor (Chrono Boost)  
  108  7:08  Pylon  
  108  7:10  Gateway, Pylon  
  108  7:12  Gateway, High Templar  
  108  7:13  High Templar x3  
  108  7:15  Nexus  
  116  7:16  Pylon  
  116  7:19  Archon x2  
  116  7:22  Photon Cannon x2  
  115  7:23  Probe x2  
  115  7:26  Probe, Disruptor (Chrono Boost)  
  121  7:38  Probe x2, Protoss Ground Weapons Level 2 (Chrono Boost)  
  121  7:39  Probe  
  124  7:47  Gateway, Zealot  
  124  7:48  Zealot x3  
  124  7:49  Gateway  
  132  7:55  Disruptor  
  135  8:02  Probe  
  134  8:05  Zealot  
  136  8:13  High Templar x2  
  136  8:17  Pylon  
  140  8:20  Gateway  
  140  8:21  Archon, Pylon  
  140  8:22  Pylon  
  140  8:25  Shield Battery  
  140  8:26  Photon Cannon  
  140  8:28  Gateway  
  140  8:34  Disruptor  
  138  8:38  Zealot x4  
  130  8:44  Zealot x2  
  130  8:47  Probe (Chrono Boost)  
  121  8:49  Zealot x2, Probe (Chrono Boost)  
  121  8:52  Probe (Chrono Boost)  
  116  8:56  Probe (Chrono Boost)  
  116  8:59  Probe (Chrono Boost)  
  116  9:01  Zealot x4, Probe (Chrono Boost)  
  127  9:03  Probe (Chrono Boost)  
  127  9:06  Probe (Chrono Boost)  
  127  9:07  Probe (Chrono Boost)  
  127  9:08  Probe (Chrono Boost), High Templar x2  
  134  9:12  Probe  
  134  9:13  Probe  
  134  9:15  Archon  
  134  9:16  High Templar x2  
  134  9:18  Disruptor  
  134  9:20  Archon  
  134  9:23  Probe  
  132  9:26  Photon Cannon  
  132  9:28  Photon Cannon  
  132  9:29  High Templar  
  132  9:30  High Templar, Shield Battery  
  136  9:32  Photon Cannon  
  136  9:33  Probe x2  
  136  9:34  Archon, Assimilator, Probe  
  136  9:35  Probe  
  136  9:38  Assimilator  
  140  9:41  Pylon  
  140  9:45  Zealot x4, Probe x2  
  144  9:52  Zealot x2  
  154  9:54  Disruptor  
  151  10:06  Zealot x6  
  155  10:14  Pylon  
  155  10:15  High Templar x2, Pylon  
  159  10:24  Archon  
  159  10:27  Gateway  
  159  10:28  Gateway, High Templar x2  
  161  10:31  Observer (Chrono Boost)  
  161  10:32  Archon, Pylon  
  161  10:33  Stalker  
  166  10:37  Zealot x3  
  172  10:46  Photon Cannon  
  172  10:47  Pylon  
  172  10:50  Zealot  
  172  10:51  Zealot  
  172  10:52  Zealot x2  
  180  10:59  Zealot x3  
  180  11:00  Zealot x2  
  190  11:05  Zealot  
  190  11:06  Phoenix (Chrono Boost)  
  180  11:15  Photon Cannon, Stalker x4  
  172  11:22  Phoenix (Chrono Boost)  
  164  11:27  Zealot x3  
  164  11:29  Stargate  
  170  11:35  Stalker x3  
  161  11:52  Stalker x6  

Tags
 
Add a new tag
Caveats
  • Supply blocks, unpowered buildings, or Contaminate may cause inaccurate times.
  • Supply counts are checked every 10 seconds.